 Dungeon Crawl Stone Soup version 0.29.1-12-g30fa7ad0bf (webtiles) character file.

Game seed: 9771555239626172452

2358 cdecastro the Jinx (level 9, -1/39 HPs)
             Began as a Vine Stalker Enchanter on Dec 13, 2022.
             Was a Follower of Nemelex Xobeh.
             Slain by a gnoll
             ... wielding a +0 whip
             ... led by a gnoll bouda
              (7 damage)
             ... on level 6 of the Dungeon on Dec 15, 2022.
             The game lasted 00:21:14 (5966 turns).

cdecastro the Jinx (Vine Stalker Enchanter)         Turns: 5966, Time: 00:21:15

Health: -1/39      AC:  5    Str: 10    XL:     9   Next: 44%
Magic:  0/13       EV: 12    Int: 17    God:    Nemelex Xobeh [*.....]
Gold:   101        SH:  0    Dex: 18    Spells: 1/12 levels left

rFire   . . .      SeeInvis .   a - +3 dagger (freeze)
rCold   . . .      Faith    .   (no shield)
rNeg    . . .      Spirit   +   y - +0 robe
rPois   .          Reflect  .   n - +1 helmet
rElec   .          Harm     .   (no cloak)
rCorr   .          Rampage  .   d - +0 pair of gloves
Will    +....                   (no boots)
Stlth   +++++.....              (no amulet)
HPRegen 0.93/turn               (no ring)
MPRegen 0.13/turn               (no ring)

@: about to teleport
A: fangs 3, regeneration 1, magic shield, antimagic bite, no potion heal 2
a: Renounce Religion, Draw Escape, Draw Destruction, Draw Summoning


You were on level 6 of the Dungeon.
You worshipped Nemelex Xobeh.
Nemelex Xobeh was aware of your devotion.
You visited 2 branches of the dungeon, and saw 7 of its levels.
You also visited: Ossuary.

You collected 249 gold pieces.
You spent 148 gold pieces at shops.

Inventory:

Hand Weapons
 a - a +3 dagger of freezing (weapon)
 b - a +2 rapier of speed
 A - a +0 demon blade of electrocution
Missiles
 g - 10 poisoned darts
 k - 2 atropa-tipped darts
 l - 4 boomerangs
Armour
 d - a +0 pair of gloves (worn)
 n - a +1 helmet (worn)
 r - a +0 leather armour
 y - a +0 robe (worn)
Jewellery
 K - a ring of positive energy
Wands
 s - a wand of flame (3)
 u - a wand of light (10)
 w - a wand of digging (9)
 I - a wand of paralysis (3)
Scrolls
 e - a scroll of torment {unknown}
 f - a scroll of amnesia {unknown}
 h - 4 scrolls of enchant armour {unknown}
 i - 2 scrolls of teleportation
 j - 5 scrolls of identify
 o - a scroll of summoning {unknown}
 p - a scroll of immolation {unknown}
 x - 2 scrolls of noise {unknown}
 z - a scroll of magic mapping {unknown}
 B - a scroll of acquirement {unknown}
 F - a scroll of silence {unknown}
 G - a scroll of vulnerability {unknown}
 L - a scroll of fear {unknown}
 N - 2 scrolls of butterflies {unknown}
 O - a scroll of poison {unknown}
Potions
 c - 2 potions of invisibility
 m - 4 potions of mutation
 q - 3 potions of lignification
 t - 11 potions of curing
 v - 2 potions of attraction
 C - 5 potions of heal wounds
 D - a potion of berserk rage {unknown}
 E - a potion of might {unknown}
 H - 2 potions of flight {unknown}
 J - 2 potions of haste {unknown}
 M - a potion of magic {unknown}


   Skills:
 - Level 0.8 Short Blades
 - Level 1.5 Dodging
 + Level 10.0 Stealth
 - Level 2.1 Spellcasting
 * Level 10.6 Hexes


You had one spell level left.
You knew the following spells:

 Your Spells              Type           Power      Damage    Failure   Level
a - Ensorcelled Hibernat  Hex/Ice        38%        N/A       3%          2
b - Confusing Touch       Hex            37%        N/A       1%          3
c - Tukima's Dance        Hex            37%        N/A       1%          3
d - Dazzling Flash        Conj/Hex       38%        N/A       6%          3

Your spell library contained the following spells:

 Spells                   Type           Power      Damage    Failure   Level
 Ignite Poison            Fire/Tmut/Pois 1%         N/A       50%         3
 Mephitic Cloud           Conj/Pois/Air  1%         N/A       50%         3
 Freezing Cloud           Conj/Ice/Air   0%         6-21      99%         5


Dungeon Overview and Level Annotations

Branches:
Dungeon (6/15)             Temple (1/1) D:4         Ossuary (visited)

Altars:
Ashenzari
Cheibriados
Dithmenos
Fedhas
Gozag
Kikubaaqudgha
Makhleb
Nemelex Xobeh
Qazlal
Ru
Sif Muna
Uskayaw
Vehumet
Wu Jian
Yredelemnul

Shops:
D:1 ?   D:4 *

Annotations:
D:3 1 runed translucent door, Crazy Yiuf
D:5 3 runed translucent doors, lotum's ghost, novice DsBe


Innate Abilities, Weirdness & Mutations

You have razor-sharp teeth.
Your natural rate of healing is unusually fast.
When hurt, damage is shared between your health and your magic reserves.
Your bite disrupts and absorbs the magic of your enemies.
Potions cannot restore your health.


Message History

The gnoll bouda hits you with a +0 club.
You hit the gnoll bouda but do no damage.
The gnoll hits you with a +0 whip. The gnoll hits you but does no damage.
The gnoll bouda barely misses you.
Unknown command.
You hit the gnoll bouda but do no damage.
The gnoll bouda appears confused.
The gnoll barely misses you. The gnoll hits you with a +0 flail!
* * * LOW HITPOINT WARNING * * *
Unknown command.
The gnoll bouda hits the gnoll with a +0 club.
The gnoll hits you with a +0 whip.
* * * LOW HITPOINT WARNING * * *
The gnoll hits you with a +0 flail.
* * * LOW HITPOINT WARNING * * *
The gnoll hits you but does no damage.
The gnoll throws a throwing net.
The throwing net hits you.
You become entangled in the net!
You see here a throwing net.
You struggle against the net.
The gnoll hits you but does no damage.
Unknown command.
You tear a large gash into the net.
The gnoll bouda hits the gnoll with a +0 club.
The gnoll hits you but does no damage. x2
You shred the net and break free!
The gnoll bouda hits the gnoll with a +0 club.
The gnoll hits you with a +0 flail.
* * * LOW HITPOINT WARNING * * *
The gnoll hits you with a +0 whip.
* * * LOW HITPOINT WARNING * * *
There is a stone staircase leading down here.
Unknown command.
As you read the scroll of teleportation, it crumbles to dust.
You feel strangely unstable. The gnoll hits you with a +0 flail!
* * * LOW HITPOINT WARNING * * *
The gnoll hits you with a +0 whip.
* * * LOW HITPOINT WARNING * * *
Unknown command.
The gnoll attacks as you move away! The gnoll hits you with a +0 whip!
You die...
Your body disappears without a glow.

####.# ##S###.....#..
#.#####.....#.#....
#.##.....####.§....
##.#..##.## #.......
########....###g####g##....
..........#####.#..........
..........#.).........##...
.........gg.....##.#####...
.........g@.###.##.# #...
...................#####..#
..................##....÷..
...........#.$....##.####..
............!.....##.# #..
.................#..# ##.
#######...........# #.
#.........########.
#.........###......


You could see a gnoll bouda (confused) and 2 gnolls.

Vanquished Creatures
  Pikel (D:4)
  Sigmund (D:3)
  Eustachio (D:5)
  2 steam dragons (D:6)
  An ogre (D:5)
  A centaur (D:6)
  A lemure (D:4)
  A phantom (D:5)
  3 scorpions
  2 water moccasin zombies (Ossuary)
  A wight (Ossuary)
  2 vampire bats (D:4)
  4 centaur zombies (Ossuary)
  A crimson imp (D:5)
  2 hounds (D:5)
  A jelly (D:4)
  A scorpion zombie (Ossuary)
  Ijyb (D:3)
  7 iguanas
  3 adders
  9 gnolls
  A white imp (D:5)
  An ufetubus (D:4)
  3 adder zombies (Ossuary)
  A worm (D:4)
  3 dart slugs
  An orc (D:6)
  10 bats
  3 endoplasms
  4 giant cockroaches
  5 goblins
  4 hobgoblins
  2 jackals (D:5)
  13 kobolds
  3 quokkas
  4 ball pythons
  5 frilled lizards
  5 gnoll zombies (Ossuary)
  3 goblin zombies (Ossuary)
  2 hobgoblin zombies (Ossuary)
  4 orc zombies (Ossuary)
  4 rats
127 creatures vanquished.

Notes
Turn   | Place    | Note
-------+----------+-------------------------------------------
     0 | D:1      | cdecastro the Vine Stalker Enchanter began the quest for
                  | the Orb.
     0 | D:1      | Reached XP level 1. HP: 9/9 MP: 4/4
   342 | D:1      | Reached XP level 2. HP: 13/13 MP: 6/6
   376 | D:1      | Found Qaarph's Magic Scroll Emporium.
   379 | D:1      | Bought a scroll of teleportation for 30 gold pieces
   379 | D:1      | Bought a scroll of identify for 20 gold pieces
   540 | D:1      | Learned a level 2 spell: Ensorcelled Hibernation
   753 | D:1      | Reached XP level 3. HP: 16/16 MP: 7/7
  1720 | D:2      | Learned a level 3 spell: Confusing Touch
  1776 | D:3      | Noticed Ijyb
  1798 | D:3      | Killed Ijyb
  1799 | D:3      | Gained mutation: Your natural rate of healing is unusually
                  | fast. [Vine Stalker growth]
  1799 | D:3      | Reached XP level 4. HP: 4/21 MP: 0/8
  2065 | D:3      | Noticed Sigmund
  2069 | D:3      | Killed Sigmund
  2070 | D:3      | Reached skill level 5 in Stealth
  2070 | D:3      | Reached skill level 5 in Hexes
  2070 | D:3      | Reached XP level 5. HP: 24/24 MP: 6/9
  2070 | D:3      | Reached XP level 6. HP: 28/28 MP: 6/10
  2079 | D:3      | Learned a level 3 spell: Tukima's Dance
  2176 | D:3      | Found a faded altar of an unknown god.
  2320 | D:3      | Found an ancient bone altar of Kikubaaqudgha.
  2531 | D:3      | Found a runed translucent door.
  2532 | D:3      | Noticed Crazy Yiuf
  2581 | D:4      | Found Ogiyxyxt's Assorted Antiques.
  2608 | D:4      | Found a staircase to the Ecumenical Temple.
  2737 | D:4      | Found a sand-covered staircase.
  2742 | Ossuary  | Entered an ossuary
  3090 | Ossuary  | Reached XP level 7. HP: 25/32 MP: 8/11
  3305 | Ossuary  | Noticed a silent spectre
  3427 | D:4      | Bought a fizzy cyan potion for 23 gold pieces
  3427 | D:4      | Bought a viscous yellow potion for 23 gold pieces
  3427 | D:4      | Bought a scroll of identify for 52 gold pieces
  3717 | D:4      | Gained mutation: You have razor-sharp teeth. [Vine Stalker
                  | growth]
  3717 | D:4      | Reached XP level 8. HP: 36/36 MP: 12/12
  3942 | D:4      | Noticed Pikel
  4036 | D:4      | Killed Pikel
  4048 | Temple   | Entered the Ecumenical Temple
  4108 | Temple   | Became a worshipper of Nemelex Xobeh the Trickster
  4482 | D:4      | Learned a level 3 spell: Dazzling Flash
  4503 | D:5      | Entered Level 5 of the Dungeon
  4560 | D:5      | Found a sacrificial altar of Ru.
  4902 | D:5      | Found a runed translucent gate.
  4904 | D:5      | Found a runed translucent gate.
  4905 | D:5      | Found a runed translucent gate.
  4922 | D:5      | Reached XP level 9. HP: 39/39 MP: 13/13
  4923 | D:5      | Noticed Eustachio
  4934 | D:5      | Killed Eustachio
  5061 | D:5      | Reached * piety under Nemelex Xobeh
  5175 | D:5      | Reached skill level 10 in Hexes
  5256 | D:5      | Found an ornate altar of the Wu Jian Council.
  5441 | D:5      | Noticed lotum's ghost (novice DsBe)
  5599 | D:6      | Found a stormy altar of Qazlal.
  5664 | D:6      | Received a gift from Nemelex Xobeh
  5782 | D:5      | Reached skill level 10 in Stealth
  5966 | D:6      | Slain by a gnoll

Illustrated notes

Levels and vault maps discovered:
D:1:      ncdulo_wetmaze, layout_basic, serial_shops, nicolae_shop_behind_doors
D:2:      layout_basic, chequers_serial_rivers_micro_b
D:3:      layout_loops_cross, kiku_gazebo_garden_becter,
          chequers_ecumenical_altar_grove, kennysheep_generic_room_14,
          uniq_crazy_yiuf_cottage, uniq_ijyb, uniq_sigmund
D:4:      nicolae_cairo_tiling_large, layout_loops_ring,
          minmay_temple_entry_statues_fountains, serial_shops,
          nicolae_shop_hallway_stairs, enter_ossuary_2, roderic_batcave,
          uniq_pikel
D:5:      layout_basic, nzn_wu_jian_contemplation, old_standard_altar,
          gammafunk_ghost_necromancy, minmay_fire_ice_demons, uniq_eustachio
D:6:      layout_rooms, lemuel_tele_altar, gammafunk_temple_overflow_elements,
          uniq_grinder
Temple:   grunt_temple_mini_profane

Skill      XL: |  1  2  3  4  5  6  7  8  9 |
---------------+----------------------------+-----
Stealth        | 4 5 6 7 9 10 | 10.0
Hexes          | 4 5 6 7 9 10 | 10.6
Short Blades   | |  0.8
Dodging        | |  1.5
Spellcasting   | |  2.1

Action                   |  1- 3 |  4- 6 |  7- 9 || total
-------------------------+-------+-------+-------++-------
Melee: Dagger            |    86 |    51 |   166 ||   303
       Bite              |    19 |    32 |    78 ||   129
       Rapier            |       |    37 |    31 ||    68
       Demon blade       |       |    15 |     1 ||    16
       Punch             |       |     1 |     1 ||     2
 Cast: Ensorcelled Hiber |     2 |     3 |       ||     5
       Confusing Touch   |       |     2 |    19 ||    21
  Use: Scroll            |       |       |     7 ||     7
 Stab: Sleeping          |    12 |    15 |    18 ||    45
       Confused          |       |       |    14 ||    14
Armor: Robe              |    21 |    35 |    38 ||    94
Dodge: Dodged            |    42 |    80 |   108 ||   230
